 Dungeon Crawl Stone Soup version 0.31.0-32-g396128a36d (webtiles) character file.

Game seed: 13922785327323317294

525 DemonSlayer the Digger (level 7, -2/46 HPs)
             Began as a Demonspawn Earth Elementalist on Apr 15, 2024.
             Slain by Edmund
             ... wielding a +2 dire flail of protection
              (12 damage)
             ... on level 5 of the Dungeon.
             The game lasted 00:10:05 (4534 turns).

DemonSlayer the Digger (DsEE)                       Turns: 4534, Time: 00:10:06

Health: -2/46      AC:  3    Str:  8    XL:     7   Next: 2%
Magic:  2/13       EV: 12    Int: 15    God:
Gold:   626        SH:  0    Dex: 16    Spells: 0/15 levels left

rFire   . . .        f - +1 dagger (venom)
rCold   . . .        (no shield)
rNeg    . . .        a - +0 robe
rPois   .            (no helmet)
rElec   .            (no cloak)
rCorr   .            (no gloves)
SInv    +            (no boots)
Will    .....        (no amulet)
Stlth   ++           n - ring of see invisible
HPRegen 0.27/turn    (no ring)
MPRegen 0.13/turn

%: no passive effects
@: no status effects
A: demonic guardian 1, powered by death 3, sharp scales 1, wild magic 1
a: no special abilities


You were on level 5 of the Dungeon.
You visited 1 branch of the dungeon, and saw 5 of its levels.

You collected 626 gold pieces.

Inventory:

Hand Weapons
 f - a +1 dagger of venom (weapon)
Armour
 a - a +0 robe (worn)
Jewellery
 n - a ring of see invisible (left hand)
Wands
 q - a wand of flame (18)
Scrolls
 c - 2 scrolls of enchant weapon {unknown}
 e - a scroll of amnesia {unknown}
 g - a scroll of summoning {unknown}
 i - 3 scrolls of teleportation {unknown}
 j - 2 scrolls of fog {unknown}
 o - a scroll of brand weapon {unknown}
 p - a scroll of fear {unknown}
Potions
 b - a potion of degeneration {unknown}
 d - a potion of berserk rage {unknown}
 k - a potion of cancellation {unknown}
 l - 5 potions of curing
 m - 3 potions of attraction


   Skills:
 + Level 1.0 Short Blades
 + Level 2.3 Dodging
 + Level 2.4 Stealth
 + Level 4.6 Spellcasting
 + Level 1.0 Conjurations
 + Level 5.2 Earth Magic


You couldn't memorise any spells.
You knew the following spells:

 Your Spells              Type           Power      Damage    Failure   Level
a - Sandblast             Erth           50%        2d12      3%          1
b - Stone Arrow           Conj/Erth      32%        3d9       21%         3
c - Petrify               Alch/Erth      14%        N/A       58%         4
d - Brom's Barrelling Bo  Conj/Erth      16%        2d4       52%         4
e - Passwall              Erth           25%        N/A       10%         3

Your spell library contained the following spells:

 Spells                   Type           Power      Damage    Failure   Level
 Cigotuvi's Dreadful Rot  Necr/Alch/Air  8%         N/A       34%         2
 Dazzling Flash           Conj/Hex       12%        N/A       47%         3
 Inner Flame              Hex/Fire       4%         N/A       54%         3
 Volatile Blastmotes      Fire/Tloc      8%         2d10      54%         3
 Ignite Poison            Fire/Alch      4%         N/A       90%         4
 Freezing Cloud           Conj/Ice/Air   2%         6-21      99%         5
 Irradiate                Conj/Alch      3%         3d12      99%         5
 Starburst                Conj/Fire      3%         6d3       100%        6
 Ignition                 Fire           2%         3d3       100%        8
 Maxwell's Capacitive Co  Air            2%         ∞         100%        8


Dungeon Overview and Level Annotations

Branches:
Dungeon (5/15)             Temple (0/1) D:5

Altars:

Annotations:
D:5 Edmund


Innate Abilities, Weirdness & Mutations

A weak demonic guardian rushes to your aid.
You regenerate a lot of health from kills.
You are partially covered in razor-sharp scales. (AC +1, Slay +1)
Your spells are a little harder to cast, but a little more powerful.


Message History

There is a stone staircase leading up here.
You open the door.
There is an open door here.
You now have 626 gold pieces (gained 8).
You open the door.
There is an open door here.
Edmund the Younger comes into view.
He is wielding a +2 dire flail of protection.
Edmund is nearby!
Edmund is nearby!
Edmund is nearby!
Found a staircase to the Ecumenical Temple.
The stone arrow hits Edmund!
Edmund is moderately wounded.
The stone arrow hits Edmund!
Edmund is heavily wounded.
Edmund hits you with a +2 dire flail of protection!
The stone arrow misses Edmund.
Edmund hits you with a +2 dire flail of protection!
Casting: Stone Arrow (dangerous; 21% risk of failure)
Confirm with . or Enter, or press ? or * to list all spells.
Aiming: Stone Arrow (dangerous; 21% risk of failure)
Press: ? - help, Shift-Dir - straight line, f/p - Edmund
Aim: Edmund, wielding a +2 dire flail of protection and wearing a +0 ring mail (heavily wounded, 72% to hit)
The stone arrow misses Edmund.
Edmund misses you.
You hit Edmund.
Edmund is poisoned.
Edmund is severely wounded.
Edmund hits you with a +2 dire flail of protection!
* * * LOW HITPOINT WARNING * * *
A demonic guardian appears!
Unknown command.
Your white imp gestures at Edmund.
The puff of frost hits Edmund.
You hit Edmund but do no damage.
Edmund looks as sick as possible!
Edmund is severely wounded.
Edmund hits you with a +2 dire flail of protection!
* * * LOW HITPOINT WARNING * * *
You feel better.
Your white imp closely misses Edmund.
Edmund hits you with a +2 dire flail of protection!
You die...
Edmund whines, "They better pay attention to me now!"

........
#......##
##.........
#.......#.
......#.........
.....+......#.#.
#...# #..#......
##...###@...#.
#....#..5@#......
#....#..#.!.⌠.>.⌠
#....#....#......
#....'......#.⌠.#
#....#...........
#....#.......#.#.
##..###..###...
####'###..# ..#


You could see Edmund (extremely poisoned, ally target) and a friendly white imp
(summoned).

Vanquished Creatures
  An ogre (D:4)
  A phantom (D:3)
  A bombardier beetle (D:3)
  A hound (D:4)
  2 orc priests (D:4)
  An iguana (D:4)
  Natasha (thrice) (D:2)
  An orc wizard (D:4)
  2 adders
  3 dart slugs
  3 ribbon worms
  3 orcs
  7 ball pythons
  5 endoplasms
  4 giant cockroaches
  12 goblins
  7 hobgoblins
  4 jackals (D:1)
  7 bats
  3 frilled lizards
  15 kobolds
  2 rats (D:1)
88 creatures vanquished.

Notes
Turn   | Place    | Note
-------+----------+-------------------------------------------
     0 | D:1      | DemonSlayer the Demonspawn Earth Elementalist began the
                  | quest for the Orb.
     0 | D:1      | Reached XP level 1. HP: 13/13 MP: 3/3
    51 | D:1      | Reached skill level 3 in Earth Magic
   107 | D:1      | Gained mutation: You are partially covered in razor-sharp
                  | scales. (AC +1, Slay +1) [demonic ancestry]
   107 | D:1      | Reached XP level 2. HP: 19/19 MP: 3/5
  1089 | D:2      | Reached XP level 3. HP: 24/24 MP: 3/6
  1610 | D:2      | Gained mutation: You regenerate a little health from kills.
                  | [demonic ancestry]
  1610 | D:2      | Reached XP level 4. HP: 30/30 MP: 0/8
  1705 | D:2      | Found a faded altar of an unknown god.
  1720 | D:2      | Noticed Natasha
  1726 | D:2      | Killed Natasha
  1727 | D:2      | Reached skill level 4 in Earth Magic
  1905 | D:2      | Noticed Natasha
  1912 | D:2      | Killed Natasha
  2005 | D:2      | Identified a scroll of acquirement
  2005 | D:2      | Acquired 389 gold pieces
  2033 | D:2      | Noticed Natasha
  2040 | D:2      | Killed Natasha
  2041 | D:2      | Gained mutation: A weak demonic guardian rushes to your
                  | aid. [demonic ancestry]
  2041 | D:2      | Reached XP level 5. HP: 34/35 MP: 3/9
  2212 | D:3      | Noticed a phantom
  2218 | D:3      | Killed a phantom
  2655 | D:3      | Gained mutation: You regenerate health from kills. [demonic
                  | ancestry]
  2655 | D:3      | Reached XP level 6. HP: 36/41 MP: 5/11
  3020 | D:3      | Learned a level 3 spell: Stone Arrow
  3025 | D:3      | Learned a level 4 spell: Petrify
  3030 | D:3      | Learned a level 4 spell: Brom's Barrelling Boulder
  3233 | D:4      | Reached skill level 1 in Short Blades
  3708 | D:4      | Reached skill level 5 in Earth Magic
  3711 | D:4      | Gained mutation: You occasionally lose the ability to read
                  | scrolls when taking damage. [potion of mutation]
  3711 | D:4      | Gained mutation: You are robust. (+10% HP) [potion of
                  | mutation]
  3711 | D:4      | Gained mutation: You have supernaturally acute eyesight.
                  | (SInv) [potion of mutation]
  3711 | D:4      | Gained mutation: You have hidden genetic potential. [potion
                  | of mutation]
  3727 | D:4      | HP: 2/45 [orc wizard/magic dart (5)]
  3981 | D:4      | Gained mutation: You regenerate a lot of health from kills.
                  | [demonic ancestry]
  3981 | D:4      | Reached XP level 7. HP: 18/50 MP: 8/13
  3982 | D:4      | Lost mutation: You have hidden genetic potential. [potion
                  | of mutation]
  3982 | D:4      | Lost mutation: You are robust. (+10% HP) [potion of
                  | mutation]
  3982 | D:4      | Lost mutation: You occasionally lose the ability to read
                  | scrolls when taking damage. [potion of mutation]
  3982 | D:4      | Gained mutation: Your spells are a little harder to cast,
                  | but a little more powerful. [potion of mutation]
  3982 | D:4      | Lost mutation: You have supernaturally acute eyesight.
                  | (SInv) [potion of mutation]
  4055 | D:4      | Learned a level 3 spell: Passwall
  4509 | D:5      | Entered Level 5 of the Dungeon
  4523 | D:5      | Noticed Edmund
  4525 | D:5      | Found a staircase to the Ecumenical Temple.
  4533 | D:5      | HP: 2/46 [Edmund/+2 dire flail of protection (12)]
  4534 | D:5      | Slain by Edmund

Illustrated notes

Levels and vault maps discovered:
D:1:      psy_arrival_fountain, layout_basic, minmay_crystal_room
D:2:      layout_rooms, shapermc_ecumenical_altar_pompeii, minmay_vboxes,
          uniq_natasha
D:3:      layout_basic, mainiacjoe_overflow_surrounded_room
D:4:      layout_gridville
D:5:      layout_gridville, lemuel_coloured_pillars_altar,
          minmay_temple_entry_sparse_star, uniq_edmund, uniq_ijyb

Skill      XL: |  1  2  3  4  5  6 |
---------------+-------------------+-----
Earth Magic    | 3 4 5 |  5.2
Dodging        | 2 |  2.3
Spellcasting   | 3 4 |  4.6
Stealth        | 2 |  2.4
Short Blades   | 1 |  1.0
Conjurations   | |  1.0

Action                     |  1- 3 |  4- 6 |  7- 9 || total
---------------------------+-------+-------+-------++-------
  Melee: Unarmed           |     9 |       |       ||     9
         Dagger            |    20 |    36 |     2 ||    58
  Throw: Throwing net      |       |     1 |       ||     1
   Cast: Sandblast         |    66 |    70 |     1 ||   137
         Stone Arrow       |       |     2 |     4 ||     6
    Use: Potion            |     2 |     1 |     2 ||     5
         Scroll            |       |     3 |     1 ||     4
   Stab: Sleeping          |     1 |     7 |       ||     8
 Armour: Robe              |    43 |    65 |     5 ||   113
         Skin              |     1 |       |       ||     1
  Dodge: Dodged            |    54 |    67 |     1 ||   122
